 Dungeon Crawl Stone Soup version 0.30-a0-6-g7c9e10e132 (webtiles) character file.

Game seed: 10172053892886972780

829 siradein the Trooper (level 7, -1/59 HPs)
             Began as a Demonspawn Fighter on Aug 23, 2022.
             Was an Initiate of Yredelemnul.
             Slain by a water moccasin (3 damage)
             ... on level 5 of the Dungeon.
             The game lasted 00:09:32 (5186 turns).

siradein the Trooper (Demonspawn Fighter)           Turns: 5186, Time: 00:09:33

Health: -1/59      AC: 14    Str: 18    XL:     7   Next: 65%
Magic:  0/8        EV:  6    Int:  9    God:    Yredelemnul [......]
Gold:   289        SH:  5    Dex: 13    Spells: 4/6 levels left

rFire   . . .      SeeInvis +    a - +0 trident
rCold   . . .      Faith    .    c - +0 buckler
rNeg    . . .      Spirit   +    h - +0 chain mail
rPois   .          Reflect  .    j - +2 helmet {SInv}
rElec   .          Harm     .    (no cloak)
rCorr   .          Rampage  .    (no gloves)
Will    .....                    (no boots)
Stlth   ..........               l - amulet of magic regeneration
HPRegen 0.19/turn                (no ring)
MPRegen 0.62/turn                (no ring)

@: no status effects
A: slimy green scales 1, magic shield, magic regeneration, weakness stinger 2
a: Renounce Religion, Recall Undead Harvest


You were on level 5 of the Dungeon.
You worshipped Yredelemnul.
Yredelemnul was noncommittal.
You visited 2 branches of the dungeon, and saw 6 of its levels.

You collected 289 gold pieces.

Inventory:

Hand Weapons
 a - a +0 trident (weapon)
Missiles
 m - a throwing net
 n - 16 stones (quivered)
Armour
 c - a +0 buckler (worn)
 h - a +0 chain mail (worn)
 j - a +2 helmet of see invisible (worn)
Jewellery
 l - an amulet of magic regeneration (around neck)
Wands
 s - a wand of polymorph (6)
Scrolls
 p - a scroll of blinking {unknown}
 q - a scroll of enchant weapon {unknown}
 r - a scroll of silence {unknown}
Potions
 b - a potion of lignification
 d - a potion of might
 e - 2 potions of flight
 i - a potion of heal wounds {unknown}
 o - a potion of berserk rage {unknown}
 t - a potion of haste {unknown}


   Skills:
 + Level 6.3 Fighting
 + Level 5.3 Polearms
 - Level 2.6 Armour
 - Level 4.0 Shields
 + Level 1.5 Invocations


You had 4 spell levels left.
You knew the following spells:

 Your Spells              Type           Power      Damage    Failure   Level
a - Wereblood             Tmut           0%         N/A       100%        2

Your spell library contained the following spells:

 Spells                   Type           Power      Damage    Failure   Level
 Slow                     Hex            0%         N/A       100%        1
 Sublimation of Blood     Necr           0%         N/A       100%        2
 Confusing Touch          Hex            0%         N/A       100%        3
 Vampiric Draining        Necr           0%         2d6       100%        3
 Summon Hydra             Summ           0%         N/A       100%        7


Dungeon Overview and Level Annotations

Branches:
Dungeon (5/15)             Temple (1/1) D:5

Altars:
Ashenzari
Dithmenos
Fedhas
Gozag
Hepliaklqana
Kikubaaqudgha
Ru
Sif Muna
Trog
Uskayaw
Vehumet
Wu Jian
Xom
Yredelemnul

Shops:
D:4 [*

Annotations:
D:5 Dowan


Innate Abilities, Weirdness & Mutations

You are partially covered in slimy green scales. (AC +2)
When hurt, damage is shared between your health and your magic reserves.
You regenerate magic rapidly.
You have a tail ending in a sharp stinger.


Message History

You are lethally poisoned!
The water moccasin poisons you! Dowan hits you with a +0 dagger.
* * * LOW HITPOINT WARNING * * *
The water moccasin bites you but does no damage.
Unknown command.
Unknown command.
Unknown command.
You feel better. Dowan hits you with a +0 dagger.
* * * LOW HITPOINT WARNING * * *
The water moccasin barely misses you.
Dowan casts a spell.
Dowan blinks!
You hit the water moccasin.
The water moccasin is moderately wounded.
The water moccasin bites you but does no damage. x2
You puncture the water moccasin!
The water moccasin is severely wounded.
The water moccasin bites you.
* * * LOW HITPOINT WARNING * * *
Dowan says, "Magic will overcome all!"
Dowan hits you but does no damage.
You closely miss Dowan. You tail-slap Dowan.
Dowan is heavily wounded.
The water moccasin bites you but does no damage.
Dowan hits you but does no damage. The water moccasin closely misses you.
You hit Dowan.
Dowan is severely wounded.
You are no longer glowing.
You block Dowan's attack. The water moccasin bites you.
* * * LOW HITPOINT WARNING * * *
Dowan says, "Magic will overcome all!"
Dowan hits you with a +0 dagger.
* * * LOW HITPOINT WARNING * * *
Unknown command.
You barely miss Dowan.
Dowan is severely wounded.
The water moccasin barely misses you. Dowan closely misses you.
The water moccasin bites you.
You die...
Your body rises from the dead as a mindless zombie.

#.##.## .. #.#..$## #
#.##### ......# #.
#...... #...#
.#..#...... #.#
........... #.#
........P.P #)# #..~~
##S## #.P.P ##@..## .
#.P~~
##.e...###.#####..P.
##.......##..........
#.........####.....##
+......[..+.)........
#.........##.......##
##.......###...<...#
##.....## #.......#
##...## #.......#


You could see a water moccasin and Dowan (fast).

Vanquished Creatures
  A steam dragon (D:4)
  A water moccasin (D:4)
  Duvessa (D:5)
  A black bear (D:4)
  A scorpion (D:5)
  A necrophage (D:4)
  A hound (D:4)
  An iguana (D:4)
  Robin (D:2)
  7 gnolls
  4 adders
  A white imp (D:5)
  2 worms (D:2)
  5 dart slugs
  2 orcs (D:4)
  4 endoplasms
  16 giant cockroaches
  5 hobgoblins
  A quokka (D:2)
  3 ball pythons
  9 bats
  20 goblins
  7 kobolds
  A rat (D:1)
96 creatures vanquished.

Vanquished Creatures (others)
  A spectral white imp (D:5)
  2 fungi (D:5)
3 creatures vanquished.

Grand Total: 99 creatures vanquished

Notes
Turn   | Place    | Note
-------+----------+-------------------------------------------
     0 | D:1      | siradein the Demonspawn Fighter began the quest for the
                  | Orb.
     0 | D:1      | Reached XP level 1. HP: 18/18 MP: 1/1
   136 | D:1      | Gained mutation: You are partially covered in slimy green
                  | scales. (AC +2) [demonic ancestry]
   136 | D:1      | Reached XP level 2. HP: 23/24 MP: 2/2
   731 | D:2      | Gained mutation: You have a small tail. [demonic ancestry]
   731 | D:2      | Reached XP level 3. HP: 29/29 MP: 3/3
   750 | D:2      | Noticed Robin
   931 | D:2      | Killed Robin
  1264 | D:2      | Gained mutation: You regenerate magic rapidly. [demonic
                  | ancestry]
  1264 | D:2      | Reached XP level 4. HP: 37/37 MP: 4/4
  1345 | D:2      | Found a faded altar of an unknown god.
  2281 | D:2      | Reached skill level 4 in Fighting
  2399 | D:3      | Gained mutation: You have a tail ending in a sharp stinger.
                  | [demonic ancestry]
  2399 | D:3      | Reached XP level 5. HP: 27/42 MP: 5/5
  3031 | D:4      | Found Pyroad's Antique Armour Shoppe.
  3079 | D:4      | Noticed a black bear
  3089 | D:4      | Killed a black bear
  3099 | D:4      | Reached XP level 6. HP: 30/50 MP: 6/6
  3241 | D:4      | Found Esyp's Elemental Accessories.
  3261 | D:4      | Reached skill level 5 in Fighting
  3299 | D:4      | Learned a level 2 spell: Wereblood
  3640 | D:4      | Noticed a water moccasin
  3663 | D:4      | Killed a water moccasin
  3667 | D:4      | Noticed a steam dragon
  3687 | D:4      | Killed a steam dragon
  3688 | D:4      | Gained mutation: When hurt, damage is shared between your
                  | health and your magic reserves. [demonic ancestry]
  3688 | D:4      | Reached XP level 7. HP: 17/57 MP: 7/7
  4468 | D:5      | Entered Level 5 of the Dungeon
  4560 | D:5      | Reached skill level 6 in Fighting
  4560 | D:5      | Reached skill level 5 in Polearms
  4585 | D:5      | Found a staircase to the Ecumenical Temple.
  5040 | Temple   | Entered the Ecumenical Temple
  5040 | Temple   | Found a transporter.
  5040 | Temple   | Found a transporter.
  5042 | Temple   | Found a transporter.
  5042 | Temple   | Found a transporter.
  5057 | Temple   | Became a worshipper of Yredelemnul the Dark
  5132 | D:5      | Noticed Duvessa
  5133 | D:5      | Noticed Dowan
  5173 | D:5      | Killed Duvessa
  5174 | D:5      | Reached skill level 1 in Invocations
  5180 | D:5      | HP: 2/59 [Dowan/+0 dagger (1)]
  5185 | D:5      | HP: 2/59 [Dowan/+0 dagger (1)]
  5186 | D:5      | Slain by a water moccasin

Illustrated notes

Levels and vault maps discovered:
D:1:      dpeg_arrival_water_fire, layout_rooms, chequers_serial_rivers_room_b
D:2:      layout_basic, ebering_ecumenical_altar_sacrificial, uniq_robin
D:3:      minmay_roachtagon, layout_loops_ring, roderic_roman_lattice,
          nrook_uturn
D:4:      minmay_angry_zag, layout_basic, serial_shops, nicolae_shop_waterfront,
          nicolae_elemental_shop, abandoned_shop
D:5:      layout_loops_corners, temple_doors_e, kb_lookout_dungeons_type,
          dreamdust_gnoll_farm, uniq_duvessa
Temple:   hellmonk_temple_divided_pantheon

Skill      XL: |  1  2  3  4  5  6  7 |
---------------+----------------------+-----
Polearms       | 2 3 4 5 |  5.3
Shields        | 3 4 |  4.0
Fighting       | 4 5 6 |  6.3
Invocations    | 1 |  1.5
Armour         | |  2.6

Action                   |  1- 3 |  4- 6 |  7- 9 || total
-------------------------+-------+-------+-------++-------
Melee: Trident           |   108 |   207 |    62 ||   377
       Tailslap          |     9 |    25 |     5 ||    39
Throw: Stone             |       |    13 |       ||    13
  Use: Scroll            |       |     4 |     2 ||     6
       Potion            |       |     1 |     3 ||     4
Armor: Scale mail        |    16 |       |       ||    16
       Chain mail        |    40 |   101 |    35 ||   176
       Skin              |       |    28 |       ||    28
Dodge: Dodged            |    30 |    35 |    18 ||    83
Block: Buckler           |    18 |    45 |    17 ||    80

Table legend: (Time is in decaauts)
 A = Elapsed time spent in this place.
 B = Non-inter-level travel time spent in this place.
 C = Inter-level travel time spent in this place.
 D = Time resting spent in this place.
 E = Time spent auto-exploring this place.
 F = Levels seen in this place.
 G = Mean time per level.
                   A        B        C        D        E       F      G
               +--------+--------+--------+--------+--------+-----+--------+
         Total |   5258 |   4932 |    326 |    331 |   3643 |   6 |  876.3 |
       Dungeon |   5202 |   4876 |    326 |    331 |   3641 |   5 | 1040.4 |
        Temple |     56 |     56 |      0 |      0 |      2 |   1 |   56.0 |
               +--------+--------+--------+--------+--------+-----+--------+

Top non-repeatable levels by time:
     D:4: 1450 daAuts
     D:2: 1430 daAuts
     D:3: 884 daAuts
     D:1: 770 daAuts
     D:5: 666 daAuts
  Temple: 56 daAuts
